 Dungeon Crawl Stone Soup version 0.29-a0-1033-gb6c65ffae6 (webtiles) character file.

Game seed: 361757740711330207

3572 siradein the Skirmisher (level 10, -20/79 HPs)
             Began as a Gnoll Hunter on Aug 15, 2022.
             Was a Believer of Fedhas.
             Demolished by a two-headed ogre
             ... wielding a +0 giant spiked club
              (23 damage)
             ... on level 9 of the Dungeon.
             The game lasted 00:31:08 (11984 turns).

siradein the Skirmisher (Gnoll Hunter)             Turns: 11984, Time: 00:31:08

Health: -20/79     AC:  9    Str: 11    XL:     10   Next: 9%
Magic:  14/17      EV: 16    Int:  8    God:    Fedhas [**....]
Gold:   401        SH:  0    Dex: 20    Spells: 14/19 levels left

rFire   . . .      SeeInvis +   a - +0 longbow
rCold   + + .      Faith    +   (shield currently unavailable)
rNeg    . . .      Spirit   .   H - +3 leather armour {rC+}
rPois   .          Reflect  .   B - +0 helmet
rElec   .          Harm     .   z - +0 cloak
rCorr   .          Rampage  .   (no gloves)
Will    .....                   (no boots)
Stlth   +++.......              r - amulet of faith
HPRegen 0.23/turn               d - ring of protection from cold
MPRegen 0.15/turn               w - ring of see invisible

@: spiked, on blink cooldown
A: fangs 1, strong nose, distributed training
a: Renounce Religion, Wall of Briars


You were on level 9 of the Dungeon.
You worshipped Fedhas.
Fedhas was pleased with you.
You visited 2 branches of the dungeon, and saw 10 of its levels.

You collected 537 gold pieces.
You spent 136 gold pieces at shops.

Inventory:

Hand Weapons
 a - a +0 longbow (weapon)
 b - the +5 dagger "Ullot" {vorpal, Str+4}
   (You found it on level 3 of the Dungeon)

   It inflicts extra damage upon your enemies.
   Str:       It affects your strength (+4).
 c - a +2 dagger of venom
Missiles
 x - 2 throwing nets
Armour
 z - a +0 cloak (worn)
 B - a +0 helmet (worn)
 H - a +3 leather armour of cold resistance (worn)
Jewellery
 d - a ring of protection from cold (left hand)
 r - an amulet of faith (around neck)
 w - a ring of see invisible (right hand)
Wands
 D - a wand of charming (4)
Scrolls
 f - 3 scrolls of fear {unknown}
 g - 3 scrolls of teleportation {unknown}
 j - a scroll of silence {unknown}
 k - 3 scrolls of magic mapping {unknown}
 l - 2 scrolls of vulnerability
 n - 2 scrolls of poison {unknown}
 o - 2 scrolls of torment {unknown}
 t - 2 scrolls of butterflies {unknown}
 u - a scroll of immolation
 v - 2 scrolls of blinking
 y - 2 scrolls of brand weapon {unknown}
 F - a scroll of enchant weapon {unknown}
 G - a scroll of amnesia
Potions
 e - 3 potions of might
 h - 3 potions of lignification {unknown}
 i - 4 potions of flight {unknown}
 m - 2 potions of heal wounds
 p - 2 potions of curing
 q - 2 potions of degeneration {unknown}
 s - 2 potions of mutation {unknown}
 A - 4 potions of brilliance
 C - a potion of invisibility {unknown}
 E - a potion of resistance {unknown}


   Skills:
 + Level 7.0 Fighting
 + Level 5.1 Short Blades
 + Level 5.1 Long Blades
 + Level 5.1 Axes
 + Level 5.1 Maces & Flails
 + Level 5.1 Polearms
 + Level 5.1 Staves
 + Level 10.0 Ranged Weapons
 + Level 5.1 Throwing
 + Level 5.1 Armour
 + Level 7.0 Dodging
 + Level 5.7 Stealth
 + Level 5.1 Shields
 + Level 5.1 Unarmed Combat
 + Level 5.1 Spellcasting
 + Level 4.2 Conjurations
 + Level 4.2 Hexes
 + Level 4.2 Summonings
 + Level 4.2 Necromancy
 + Level 4.2 Translocations
 + Level 4.2 Transmutations
 + Level 4.2 Fire Magic
 + Level 4.2 Ice Magic
 + Level 4.2 Air Magic
 + Level 4.2 Earth Magic
 + Level 4.2 Poison Magic
 + Level 5.6 Invocations
 + Level 5.1 Evocations


You had 14 spell levels left.
You knew the following spells:

 Your Spells              Type           Power      Damage    Failure   Level
a - Blink                 Tloc           16%        N/A       9%          2
b - Inner Flame           Hex/Fire       8%         N/A       17%         3

Your spell library contained the following spells:

 Spells                   Type           Power      Damage    Failure   Level
 Apportation              Tloc           16%        N/A       6%          1
 Foxfire                  Conj/Fire      32%        2x1d5     6%          1
 Freeze                   Ice            32%        1d5       6%          1
 Necrotise                Necr           32%        1d5       6%          1
 Summon Small Mammal      Summ           32%        N/A       6%          1
 Conjure Flame            Conj/Fire      8%         6-21      17%         3
 Frozen Ramparts          Ice            16%        1d3       17%         3
 Ignite Poison            Fire/Tmut/Pois 8%         N/A       17%         3
 Lesser Beckoning         Tloc           8%         N/A       17%         3
 Ozocubu's Armour         Ice            8%         N/A       17%         3
 Flame Wave               Conj/Fire      8%         2d5       50%         4
 Hailstorm                Conj/Ice       8%         3d4       50%         4
 Sticky Flame             Conj/Fire      8%         2d3       50%         4
 Alistair's Intoxication  Tmut/Pois      5%         N/A       85%         5
 Manifold Assault         Tloc           8%         N/A       85%         5
 Metabolic Englaciation   Hex/Ice        4%         N/A       85%         5
 Simulacrum               Ice/Necr       4%         N/A       100%        6


Dungeon Overview and Level Annotations

Branches:
Dungeon (9/15)             Temple (1/1) D:4            Lair (0/5) D:9
    Orc: D:9-12

Altars:
Dithmenos
Elyvilon
Fedhas
Gozag
Hepliaklqana
Kikubaaqudgha
Nemelex Xobeh
Okawaru
Qazlal
Ru
Sif Muna
Uskayaw
Vehumet
Wu Jian
Xom
Yredelemnul
Zin

Shops:
D:7 *


Innate Abilities, Weirdness & Mutations

You have very sharp teeth.
Your uncanny sense of smell can sniff out nearby items.
Your experience applies equally to all skills.


Message History

The manticore is lightly wounded.
The manticore flicks its tail.
The volley of spikes hits you!
The barbed spikes become lodged in your body.
You shoot an arrow. The arrow hits the manticore.
The manticore is moderately wounded.
The manticore flicks its tail.
The volley of spikes hits you!
The barbed spikes become lodged in your body.
You are too injured to fight recklessly!
Casting: Blink (safe; 9% risk of failure)
Confirm with . or Enter, or press ? or * to list all spells.
You blink.
An orc comes into view. It is wielding a +0 club.
The orc shouts!
A two-headed ogre comes into view.
It is wielding a +0 giant spiked club and a +0 giant club.
The two-headed ogre shouts in stereo!
You feel stable enough to blink again.
The orc throws a stone.
The stone hits you but does no damage.
The orc throws a stone.
The stone closely misses you.
Casting: Blink (safe; 9% risk of failure)
Confirm with . or Enter, or press ? or * to list all spells.
You blink.
The manticore flicks its tail.
The volley of spikes misses you.
The manticore flicks its tail.
The volley of spikes hits you!
The barbed spikes become lodged in your body.
* * * LOW HITPOINT WARNING * * *
The two-headed ogre barely misses you.
The two-headed ogre hits you but does no damage.
The manticore flicks its tail.
The volley of spikes hits you!
The barbed spikes become lodged in your body.
* * * LOW HITPOINT WARNING * * *
The manticore flicks its tail.
The volley of spikes misses you. The orc barely misses you.
The two-headed ogre hits you with a +0 giant spiked club!!
You die...
Fedhas appreciates your contribution to the ecosystem.

........# #o.#
........# #..# ..
........# #.o# .#
........#########oo#
.#
...................#
.#
#................o..#
.##
+...................#
..#
#........Oo..########
.# #........@...# .#
#....H......[# .#
#.$...######[# .#
#....)# #.#### .####
#..)..# #....# ....#
#.....# #....# ....#
#.....# #....# ....#
#.....######....#
....##
#H...........).(#


You could see a two-headed ogre, a manticore and an orc.

Vanquished Creatures
  Eustachio (D:3)
  A water moccasin (D:8)
  3 orc warriors
  A black bear (D:7)
  3 ice beasts
  3 sky beasts
  A phantom (D:5)
  A centaur (D:6)
  2 kobold brigands
  6 scorpions
  2 necrophages
  3 bullfrogs
  3 wights (D:8)
  8 killer bees
  A howler monkey (D:7)
  3 jellies
  Crazy Yiuf (D:2)
  2 gnoll boudas
  6 orc priests (D:8)
  4 iguanas
  9 orc wizards
  8 gnolls
  5 adders
  A white imp (D:7)
  A dart slug (D:2)
  30 orcs
  4 bats
  3 endoplasms
  5 giant cockroaches
  3 goblins
  9 hobgoblins
  3 jackals (D:4)
  16 kobolds
  A quokka (D:2)
  6 ball pythons
  2 frilled lizards
  6 rats
167 creatures vanquished.

Vanquished Creatures (others)
  2 orc wizards (D:8)
2 creatures vanquished.

Grand Total: 169 creatures vanquished

Notes
Turn   | Place    | Note
-------+----------+-------------------------------------------
     0 | D:1      | siradein the Gnoll Hunter began the quest for the Orb.
     0 | D:1      | Reached XP level 1. HP: 20/20 MP: 1/1
    39 | D:1      | Reached XP level 2. HP: 26/26 MP: 2/2
   621 | D:2      | Noticed a scorpion
   626 | D:2      | Killed a scorpion
   627 | D:2      | Reached skill level 1 in Short Blades
   627 | D:2      | Reached skill level 1 in Long Blades
   627 | D:2      | Reached skill level 1 in Axes
   627 | D:2      | Reached skill level 1 in Maces & Flails
   627 | D:2      | Reached skill level 1 in Polearms
   627 | D:2      | Reached skill level 1 in Staves
   627 | D:2      | Reached skill level 1 in Throwing
   627 | D:2      | Reached skill level 1 in Armour
   627 | D:2      | Reached skill level 1 in Shields
   627 | D:2      | Reached skill level 1 in Unarmed Combat
   627 | D:2      | Reached skill level 1 in Spellcasting
   627 | D:2      | Reached skill level 1 in Conjurations
   627 | D:2      | Reached skill level 1 in Hexes
   627 | D:2      | Reached skill level 1 in Summonings
   627 | D:2      | Reached skill level 1 in Necromancy
   627 | D:2      | Reached skill level 1 in Translocations
   627 | D:2      | Reached skill level 1 in Transmutations
   627 | D:2      | Reached skill level 1 in Fire Magic
   627 | D:2      | Reached skill level 1 in Ice Magic
   627 | D:2      | Reached skill level 1 in Air Magic
   627 | D:2      | Reached skill level 1 in Earth Magic
   627 | D:2      | Reached skill level 1 in Poison Magic
   627 | D:2      | Reached skill level 1 in Invocations
   627 | D:2      | Reached skill level 1 in Evocations
   627 | D:2      | Reached XP level 3. HP: 31/31 MP: 2/4
   627 | D:2      | Reached XP level 4. HP: 38/38 MP: 2/5
   780 | D:2      | Found a glowing silver altar of Zin.
  1284 | D:2      | Found a runed translucent door.
  1285 | D:2      | Noticed Crazy Yiuf
  1422 | D:3      | Reached XP level 5. HP: 43/43 MP: 7/7
  2103 | D:3      | Reached XP level 6. HP: 33/50 MP: 8/8
  2108 | D:3      | Identified the +5 dagger "Ullot" {vorpal, Str+4}
  2726 | D:4      | Found a shimmering blue altar of Sif Muna.
  2732 | D:4      | Reached skill level 5 in Fighting
  2732 | D:4      | Reached skill level 5 in Dodging
  2786 | D:4      | Found an ancient bone altar of Kikubaaqudgha.
  2836 | D:4      | Found a radiant altar of Vehumet.
  3147 | D:4      | Noticed a sky beast
  3170 | D:4      | Killed a sky beast
  3171 | D:4      | Reached XP level 7. HP: 19/56 MP: 10/10
  3436 | D:4      | Noticed Eustachio
  4391 | D:4      | Found a staircase to the Ecumenical Temple.
  4513 | Temple   | Entered the Ecumenical Temple
  4949 | D:5      | Entered Level 5 of the Dungeon
  5272 | D:5      | Learned a level 2 spell: Blink
  5303 | D:5      | Reached skill level 9 in Ranged Weapons
  6061 | D:5      | Reached XP level 8. HP: 44/63 MP: 12/12
  7485 | D:7      | Found Pudd's Assorted Antiques.
  7532 | D:7      | Bought a longbow for 136 gold pieces
  7945 | D:7      | Reached XP level 9. HP: 53/69 MP: 14/14
  8407 | D:7      | Found a blossoming altar of Fedhas.
  8427 | D:7      | Became a worshipper of Fedhas Madash
  8829 | D:7      | Learned a level 3 spell: Inner Flame
  8895 | D:8      | Reached skill level 5 in Stealth
  9835 | D:8      | Reached skill level 5 in Invocations
 10442 | D:7      | Reached * piety under Fedhas
 10631 | D:3      | Killed Eustachio
 10720 | D:2      | Killed Crazy Yiuf
 11300 | D:8      | Reached skill level 5 in Short Blades
 11300 | D:8      | Reached skill level 5 in Long Blades
 11300 | D:8      | Reached skill level 5 in Axes
 11300 | D:8      | Reached skill level 5 in Maces & Flails
 11300 | D:8      | Reached skill level 5 in Polearms
 11300 | D:8      | Reached skill level 5 in Staves
 11300 | D:8      | Reached skill level 5 in Throwing
 11300 | D:8      | Reached skill level 5 in Armour
 11300 | D:8      | Reached skill level 5 in Shields
 11300 | D:8      | Reached skill level 5 in Unarmed Combat
 11300 | D:8      | Reached skill level 5 in Spellcasting
 11300 | D:8      | Reached skill level 5 in Evocations
 11300 | D:8      | Reached XP level 10. HP: 74/77 MP: 14/17
 11524 | D:8      | Reached skill level 10 in Ranged Weapons
 11671 | D:9      | Reached ** piety under Fedhas
 11734 | D:9      | Found a staircase to the Lair.
 11823 | D:9      | Noticed a deep elf pyromancer
 11825 | D:9      | Noticed a manticore
 11974 | D:9      | Noticed a two-headed ogre
 11983 | D:9      | HP: 3/79 [manticore/volley of spikes (13)]
 11984 | D:9      | Demolished by a two-headed ogre

Illustrated notes

Levels and vault maps discovered:
D:1:      dpeg_arrival_leaves_temple_mockup, layout_basic
D:2:      minmay_diamond_boxcup, layout_rooms, basic_altar,
          nicolae_figureground_pulse, uniq_crazy_yiuf_cottage
D:3:      layout_loops_corners
D:4:      layout_loops_ring, palyth_temple_overflow_mages,
          minmay_temple_entry_glassed_door, uniq_eustachio
D:5:      layout_basic
D:6:      layout_basic
D:7:      layout_cave_pods, mainiacjoe_overflow_24_doors, serial_shops,
          nicolae_stop_n_shop_2
D:8:      layout_rooms, serial_glass, glass_columns_a, glass_columns_b
D:9:      kennysheep_big_flooded_room, layout_irregular_city,
          gammafunk_temple_overflow_pools, tso_altar, bloody_makhleb,
          lair_entry_dummy, hiddenorc1_lemuel, uniq_grum
Temple:   compressed_dpeg_triangle_lava_temple

Skill      XL: |  1  2  3  4  5  6  7  8  9 10 |
---------------+-------------------------------+-----
Short Blades   | 1 2 3 5 |  5.1
Long Blades    | 1 2 3 5 |  5.1
Axes           | 1 2 3 5 |  5.1
Maces & Flails | 1 2 3 5 |  5.1
Polearms       | 1 2 3 5 |  5.1
Staves         | 1 2 3 5 |  5.1
Throwing       | 1 2 3 5 |  5.1
Armour         | 1 2 3 5 |  5.1
Shields        | 1 2 3 5 |  5.1
Unarmed Combat | 1 2 3 5 |  5.1
Spellcasting   | 1 2 3 5 |  5.1
Conjurations   | 1 2 3 4 |  4.2
Hexes          | 1 2 3 4 |  4.2
Summonings     | 1 2 3 4 |  4.2
Necromancy     | 1 2 3 4 |  4.2
Translocations | 1 2 3 4 |  4.2
Transmutations | 1 2 3 4 |  4.2
Fire Magic     | 1 2 3 4 |  4.2
Ice Magic      | 1 2 3 4 |  4.2
Air Magic      | 1 2 3 4 |  4.2
Earth Magic    | 1 2 3 4 |  4.2
Poison Magic   | 1 2 3 4 |  4.2
Invocations    | 1 2 3 4 5 |  5.6
Evocations     | 1 2 3 5 |  5.1
Stealth        | 3 4 5 |  5.7
Fighting       | 5 6 7 |  7.0
Dodging        | 5 6 7 |  7.0
Ranged Weapons | 9 10 | 10.0

Action                   |  1- 3 |  4- 6 |  7- 9 | 10-12 || total
-------------------------+-------+-------+-------+-------++-------
Melee: Dagger            |       |    17 |   217 |    43 ||   277
       Bite              |       |     1 |    23 |     3 ||    27
       Shortbow          |       |     1 |       |       ||     1
       Punch             |       |       |     5 |     4 ||     9
 Fire: Shortbow          |    36 |   145 |   162 |       ||   343
       Longbow           |       |       |   173 |    30 ||   203
 Cast: Blink             |       |       |     7 |     2 ||     9
  Use: Scroll            |       |     2 |     3 |     2 ||     7
Armor: Leather armour    |     2 |    16 |    91 |    18 ||   127
Dodge: Dodged            |       |    57 |   331 |    51 ||   439

Table legend: (Time is in decaauts)
 A = Elapsed time spent in this place.
 B = Non-inter-level travel time spent in this place.
 C = Inter-level travel time spent in this place.
 D = Time resting spent in this place.
 E = Time spent auto-exploring this place.
 F = Levels seen in this place.
 G = Mean time per level.
                   A        B        C        D        E       F      G
               +--------+--------+--------+--------+--------+-----+--------+
         Total |  12008 |  11141 |    867 |    436 |   8841 |  10 | 1200.8 |
       Dungeon |  11790 |  10941 |    849 |    436 |   8651 |   9 | 1310.0 |
        Temple |    217 |    199 |     18 |      0 |    190 |   1 |  217.0 |
               +--------+--------+--------+--------+--------+-----+--------+

Top non-repeatable levels by time:
     D:8: 1922 daAuts
     D:4: 1915 daAuts
     D:7: 1764 daAuts
     D:3: 1583 daAuts
     D:5: 1478 daAuts
     D:6: 1320 daAuts
     D:2: 842 daAuts
     D:1: 621 daAuts
     D:9: 342 daAuts
  Temple: 217 daAuts
